 Dungeon Crawl Stone Soup version 0.28.0-43-g3370ac3207 (webtiles) character file.

Game seed: 6316841351427764017

2156 Peloso the Carver (level 9, -5/79 HPs)
             Began as a Minotaur Fighter on Mar 13, 2022.
             Was a Believer of Okawaru.
             Slain by an orc warrior
             ... wielding a +0 broad axe
              (24 damage)
             ... in a bailey.
             The game lasted 00:19:16 (6280 turns).

Peloso the Carver (Minotaur Fighter)                Turns: 6280, Time: 00:19:17

Health: -5/79      AC: 19    Str: 24    XL:     9   Next: 10%
Magic:  6/8        EV:  9    Int:  5    God:    Okawaru [**....]
Gold:   391        SH:  6    Dex: 11    Spells: 8/8 levels left

rFire   . . .      SeeInvis .   a - +0 long sword
rCold   . . .      Faith    .   c - +0 buckler
rNeg    . . .      Spirit   .   i - +0 plate armour
rPois   .          Reflect  .   (helmet restricted)
rElec   .          Harm     .   (no cloak)
rCorr   .          Rampage  .   o - +0 pair of gloves
Will    .....                   j - +1 pair of boots
Stlth   ..........              s - amulet of regeneration
HPRegen 1.03/turn               h - ring of flight
MPRegen 0.11/turn               (no ring)

@: mighty, heroic, flying, hasted, very quick
A: horns 2, retaliatory headbutt
a: Renounce Religion, Heroism


You were in a bailey.
You worshipped Okawaru.
Okawaru was pleased with you.
You visited 2 branches of the dungeon, and saw 8 of its levels.
You also visited: Bailey.

You collected 391 gold pieces.

Inventory:

Hand Weapons
 a - a +0 long sword (weapon)
Armour
 b - a +0 scale mail
 c - a +0 buckler (worn)
 i - a +0 plate armour (worn)
 j - a +1 pair of boots (worn)
 l - a +0 chain mail
 o - a +0 pair of gloves (worn)
Jewellery
 e - an amulet of guardian spirit
 h - a ring of flight (left hand)
 s - an amulet of regeneration (around neck)
 v - a +6 ring of intelligence
Wands
 u - a wand of digging (7)
Scrolls
 n - a scroll of immolation {unknown}
 t - a scroll of teleportation
 w - a scroll of enchant weapon {unknown}
Potions
 f - a potion of flight
 g - a potion of haste
 k - a potion of magic {unknown}
 m - 2 potions of degeneration {unknown}
 p - 3 potions of heal wounds {unknown}
 q - 3 potions of curing {unknown}
 r - a potion of resistance {unknown}


   Skills:
 + Level 7.5(12.5) Fighting
 + Level 10.4(15.4) Long Blades
 + Level 7.0(12.0) Armour
 + Level 2.3(7.3) Dodging
 + Level 0.6(5.6) Stealth
 + Level 5.3(10.3) Shields


You had 8 spell levels left.
You didn't know any spells.
Your spell library contained the following spells:

 Spells                   Type           Power      Damage    Failure   Level
 Apportation              Tloc           0%         N/A       99%         1
 Pain                     Necr           0%         1d4       99%         1
 Conjure Flame            Conj/Fire      0%         6-21      100%        3
 Ignite Poison            Fire/Tmut/Pois 0%         N/A       100%        3
 Vampiric Draining        Necr           0%         2d6       100%        3
 Sticky Flame             Conj/Fire      0%         2d3       100%        4
 Orb of Destruction       Conj           0%         9d5       100%        7
 Animate Skeleton         Necr           Unusable   N/A       N/A         1
 Summon Small Mammal      Summ           Unusable   N/A       N/A         1
 Summon Guardian Golem    Hex/Summ       Unusable   N/A       N/A         3
 Spellforged Servitor     Conj/Summ      Unusable   N/A       N/A         7

Dungeon Overview and Level Annotations

Branches:
Dungeon (7/15)             Temple (1/1) D:4          Bailey (1/1)

Altars:
Fedhas
Okawaru
Qazlal
Yredelemnul
Zin
The Shining One

Shops:
D:5 [


Innate Abilities, Weirdness & Mutations

You have a pair of horns on your head.
You reflexively headbutt those who attack you in melee.


Message History

The orc knight is lightly wounded.
You barely miss the orc knight.
The orc knight is lightly wounded.
You block the orc knight's attack.
You hit the orc knight but do no damage.
The orc knight is lightly wounded.
You closely miss the orc knight.
The orc knight is lightly wounded.
You feel like a meek peon again.
The orc knight hits you with a +0 war axe!
You barely miss the orc knight. Your headbutt misses the orc knight.
The orc knight is lightly wounded.
You hit the orc warrior but do no damage.
The orc warrior no longer looks unusually strong.
The orc knight hits you but does no damage.
You slash the orc warrior! You headbutt the orc warrior.
The orc warrior is severely wounded.
The orc warrior hits you with a +0 hand axe!
The orc knight hits you with a +0 war axe!
The orc no longer looks unusually strong.
The orc warrior no longer looks unusually strong.
The orc warrior barely misses you.
The orc knight hits you with a +0 war axe!
The orc knight roars a battlecry!
The orcs go into a battle-frenzy!
The orc warrior no longer looks unusually strong.
Things that are here:
a +0 hand axe; a +0 leather armour; a goblin corpse
There is an open door, spattered with blood here.
Items here: )))) [[[[.
You feel yourself speed up.
The orc warrior hits you with a +0 hand axe.
You feel very mighty all of a sudden.
The orc warrior hits you with a +0 hand axe!
* * * LOW HITPOINT WARNING * * *
You gain the combat prowess of a mighty hero.
The orc knight hits you with a +0 war axe.
* * * LOW HITPOINT WARNING * * *
The orc warrior hits you with a +0 broad axe!!
You die...

..... #.........# 88.8
##.........## ##+
#.....⌠.....#
##.........##
#....o....#
##.......## #...oog.#
##.ooo.## # ####@## ##
##...o.## .# #.......#
.## ##.......## ..#
#.........# ..##
##.........##
...#######.....⌠.....#
..##.....##.........##
..#.......#.........#


You could see an orc knight, 3 orc warriors, 3 orcs and a hobgoblin.

Vanquished Creatures
  Grinder (D:5)
  A meliai zombie (D:6)
  A water moccasin (D:6)
  An ice beast (D:5)
  2 orc warriors
  2 ogres
  A phantom (D:4)
  A bullfrog (D:6)
  A water moccasin zombie (D:5)
  A water moccasin skeleton (D:4)
  A howler monkey (D:5)
  A centaur zombie (D:5)
  3 bullfrog zombies (D:5)
  A hound (D:5)
  A jelly (D:6)
  2 bullfrog skeletons
  5 iguanas
  Terence (D:3)
  3 orc wizards
  2 hound zombies (D:5)
  A hound skeleton (D:5)
  11 adders
  15 gnolls
  An ufetubus (D:5)
  2 adder zombies (D:5)
  3 worms
  A dart slug (D:5)
  18 orcs
  2 bats
  6 endoplasms
  2 giant cockroaches (D:2)
  53 goblins
  30 hobgoblins
  10 jackals
  8 ball pythons
  2 frilled lizards
  9 kobolds
  6 rats
  A spectral goblin (D:1)
213 creatures vanquished.

Notes
Turn   | Place    | Note
-------+----------+-------------------------------------------
     0 | D:1      | Peloso the Minotaur Fighter began the quest for the Orb.
     0 | D:1      | Reached XP level 1. HP: 19/19 MP: 0/0
   178 | D:1      | Reached XP level 2. HP: 25/27 MP: 1/1
   340 | D:1      | Found a faded altar of an unknown god.
   932 | D:1      | Reached XP level 3. HP: 6/33 MP: 2/2
  1548 | D:2      | Reached skill level 3 in Long Blades
  1680 | D:2      | Reached XP level 4. HP: 41/41 MP: 3/3
  1984 | D:3      | Noticed Terence
  2002 | D:3      | Killed Terence
  2266 | D:3      | Reached skill level 4 in Long Blades
  2266 | D:3      | Reached XP level 5. HP: 32/47 MP: 1/4
  2885 | D:4      | Noticed a phantom
  2909 | D:4      | Killed a phantom
  2910 | D:4      | Reached skill level 5 in Fighting
  2910 | D:4      | Reached skill level 5 in Long Blades
  2910 | D:4      | Reached skill level 1 in Dodging
  3135 | D:4      | Reached XP level 6. HP: 56/56 MP: 5/5
  3219 | D:4      | Found a staircase to the Ecumenical Temple.
  3228 | Temple   | Entered the Ecumenical Temple
  3329 | Temple   | Became a worshipper of Warmaster Okawaru
  3392 | Temple   | Reached skill level 5 in Armour
  3677 | D:4      | Found a glowing golden altar of the Shining One.
  3923 | D:5      | Entered Level 5 of the Dungeon
  3948 | D:5      | Found Omnalun's Antique Armour Emporium.
  3978 | D:5      | Reached skill level 6 in Long Blades
  4140 | D:5      | Reached XP level 7. HP: 61/61 MP: 6/6
  4161 | D:5      | Reached skill level 7 in Long Blades
  4176 | D:5      | Reached * piety under Okawaru
  4589 | D:5      | Noticed Grinder
  4785 | D:5      | Reached XP level 8. HP: 70/70 MP: 7/7
  4824 | D:5      | Reached skill level 8 in Long Blades
  5156 | D:5      | Killed Grinder
  5170 | D:5      | Reached ** piety under Okawaru
  5177 | D:5      | Reached skill level 5 in Shields
  5661 | D:6      | Reached skill level 9 in Long Blades
  5894 | D:7      | Reached skill level 10 in Long Blades
  5894 | D:7      | Reached XP level 9. HP: 79/79 MP: 8/8
  5922 | D:7      | Found a flagged portal.
  5932 | Bailey   | Entered a bailey
  6248 | Bailey   | Noticed an orc knight
  6280 | Bailey   | Slain by an orc warrior

Illustrated notes

Levels and vault maps discovered:
D:1:      dpeg_arrival_morbid_curiosity, layout_loops_ring,
          dreamdust_ecumenical_altar_drowned_temple
D:2:      layout_rooms
D:3:      layout_basic, uniq_terence
D:4:      layout_basic, lemuel_tele_altar, minmay_temple_entry_junction_2,
          hangedman_decor_clover_reticule
D:5:      minmay_goblin_kobold_castle, layout_loops_ring, serial_shops,
          nicolae_shop_crystal, serial_undead, serial_undead_d, serial_undead_e,
          serial_undead_f, serial_undead_e, uniq_grinder
D:6:      layout_loops_cross, lightli_minifort
D:7:      layout_loops_corners, enter_bailey_8
Temple:   mainiacjoe_temple_trianglar_array
Bailey:   bailey_axe_minmay_hex_keep, bailey

Skill      XL: |  1  2  3  4  5  6  7  8 |
---------------+-------------------------+-----
Fighting       | 4 5 6 7 |  7.5
Armour         | 4 5 6 7 |  7.0
Long Blades    | 3 4 5 6 7 10 | 10.4
Shields        | 4 5 |  5.3
Dodging        | 1 2 |  2.3
Stealth        | |  0.6

Action                   |  1- 3 |  4- 6 |  7- 9 || total
-------------------------+-------+-------+-------++-------
Melee: Long sword        |   100 |   168 |   361 ||   629
       Headbutt          |     7 |    22 |    58 ||    87
Invok: Heroism           |       |       |     2 ||     2
  Use: Scroll            |     1 |     2 |     2 ||     5
       Potion            |       |       |     2 ||     2
Armor: Scale mail        |    57 |     9 |       ||    66
       Chain mail        |       |   106 |   163 ||   269
       Plate armour      |       |       |    18 ||    18
Dodge: Dodged            |    55 |    74 |   111 ||   240
Block: Buckler           |    19 |    30 |    82 ||   131
